 Dungeon Crawl Stone Soup version 0.30.1-11-g7821555f0a (webtiles) character file.

Game seed: 14979289805621576336

4944 WestoftheSun the Blocker (level 10, 0/91 HPs)
             Began as a Minotaur Fighter on Dec 25, 2023.
             Was an Initiate of Gozag.
             Killed from afar by an electric eel (13 damage)
             ... with a bolt of electricity
             ... on level 8 of the Dungeon.
             The game lasted 00:31:07 (7805 turns).

WestoftheSun the Blocker (Minotaur Fighter)         Turns: 7805, Time: 00:31:09

Health: 0/91       AC: 14    Str: 21    XL:     10   Next: 28%
Magic:  9/9        EV:  6    Int:  5    God:    Gozag
Gold:   1117       SH:  6    Dex: 14    Spells: 9/9 levels left

rFire   . . .        o - +3 flail (protect)
rCold   . . .        c - +0 buckler
rNeg    . . .        I - +0 plate armour
rPois   .            (helmet restricted)
rElec   .            (no cloak)
rCorr   .            (no gloves)
SInv    .            (no boots)
Will    .....        (no amulet) Stlth
                     (no ring)
HPRegen 0.35/turn    (no ring)
MPRegen 0.11/turn

%: no passive effects
@: no status effects
A: horns 2, retaliatory headbutt
a: Renounce Religion, Potion Petition, Call Merchant, Bribe Branch


You were on level 8 of the Dungeon.
You worshipped Gozag.
Gozag was most pleased with you.
You visited 2 branches of the dungeon, and saw 9 of its levels.

You collected 1177 gold pieces.
You paid 60 gold pieces to Gozag.

Inventory:

Hand Weapons
 o - a +3 flail of protection (weapon)
 E - a +3 falchion of freezing
Missiles
 b - 15 poisoned darts (quivered)
 j - 3 throwing nets
Armour
 c - a +0 buckler (worn)
 A - a +0 ring mail of fire resistance
 I - a +0 plate armour (worn)
Jewellery
 l - a ring of ice
 w - a ring of protection from cold
 G - a +6 ring of dexterity
Wands
 s - a wand of polymorph (8)
 D - a wand of light (11)
Scrolls
 e - a scroll of silence {unknown}
 f - 6 scrolls of identify {unknown}
 h - 2 scrolls of teleportation {unknown}
 k - a scroll of noise {unknown}
 n - a scroll of amnesia {unknown}
 q - 5 scrolls of enchant armour {unknown}
 r - a scroll of poison {unknown}
 t - a scroll of magic mapping {unknown}
 u - 2 scrolls of fog {unknown}
 v - 2 scrolls of fear {unknown}
 y - 2 scrolls of enchant weapon
 B - 2 scrolls of immolation {unknown}
 H - a scroll of blinking {unknown}
Potions
 a - a potion of flight
 d - 4 potions of might
 i - 2 potions of attraction {unknown}
 m - a potion of degeneration {unknown}
 p - a potion of ambrosia
 x - 2 potions of resistance {unknown}
 z - 2 potions of curing {unknown}
 C - 2 potions of brilliance {unknown}


   Skills:
 + Level 9.2 Fighting
 - Level 4.7(7.1) Axes
 + Level 8.2(8.8) Maces & Flails
 + Level 9.2 Armour
 + Level 9.3 Shields
 - Level 4.0 Evocations


You had 9 spell levels left.
You didn't know any spells.
Your spell library contained the following spells:

 Spells                   Type           Power      Damage    Failure   Level
 Apportation              Tloc           0%         N/A       100%        1
 Necrotise                Necr           0%         1d4       100%        1
 Summon Small Mammal      Summ           0%         N/A       100%        1
 Call Canine Familiar     Summ           0%         N/A       100%        3
 Summon Guardian Golem    Hex/Summ       0%         N/A       100%        3
 Vampiric Draining        Necr           0%         2d6       100%        3
 Agony                    Necr           0%         N/A       100%        5
 Orb of Destruction       Conj           0%         9d5       100%        7
 Spellforged Servitor     Conj/Summ      0%         N/A       100%        7


Dungeon Overview and Level Annotations

Branches:
Dungeon (8/15)             Temple (1/1) D:7            Lair (0/5) D:8

Altars:
Ashenzari
Cheibriados
Dithmenos
Elyvilon
Fedhas
Gozag
Hepliaklqana
Kikubaaqudgha
Makhleb
Nemelex Xobeh
Okawaru
Qazlal
Sif Muna
Trog
Uskayaw
Vehumet
Wu Jian
Xom
Zin
The Shining One

Shops:
D:3 *

Annotations:
D:1 1 runed translucent door


Innate Abilities, Weirdness & Mutations

You have a pair of horns on your head.
You reflexively headbutt those who attack you in melee.


Message History

The electric eel shoots out a bolt of lightning at you!
The bolt of electricity hits you.
You closely miss the electric eel.
The electric eel shoots out a bolt of lightning at you!
The bolt of electricity hits you.
The bolt of electricity hits you but does no damage.
The bolt of electricity hits the electric eel.
The electric eel completely resists.
The electric eel shoots out a bolt of lightning at you!
The bolt of electricity hits you!
You miss the electric eel. You headbutt the electric eel.
The electric eel is moderately wounded.
The electric eel shoots out a bolt of lightning at you!
The bolt of electricity misses you.
The electric eel shoots out a bolt of lightning at you!
The bolt of electricity hits you!
* * * LOW HITPOINT WARNING * * *
An electric eel comes into view.
The electric eel shoots out a bolt of lightning at you!
The bolt of electricity hits you!
* * * LOW HITPOINT WARNING * * *
The electric eel shoots out a bolt of lightning at you!
The bolt of electricity hits the electric eel.
The electric eel completely resists.
The bolt of electricity misses you.
The electric eel shoots out a bolt of lightning at you!
The bolt of electricity hits you.
* * * LOW HITPOINT WARNING * * *
The electric eel shoots out a bolt of lightning at you!
The bolt of electricity hits the electric eel.
The electric eel completely resists.
The bolt of electricity hits you!
* * * LOW HITPOINT WARNING * * *
You feel much better.
The electric eel shoots out a bolt of lightning at you!
The bolt of electricity hits you!
* * * LOW HITPOINT WARNING * * *
The electric eel shoots out a bolt of lightning at you!
The bolt of electricity hits the electric eel.
The electric eel completely resists.
The bolt of electricity hits you!
You die...
Your body crumbles into a pile of gold.

≈≈~......≈~~~~~..
≈S..>............#
~~S......≈≈~~~.).#
~~..~...~~≈≈.....##.
≈~~S.≈~~~≈≈~~~~..... ##
≈~≈≈≈~≈~≈≈~~~~....# #.
..~~≈.~S..~≈.....# ##.
~..~..?...........########..
...........@...............#
#..#########.........#####.
#.....#####.......##...###.
#.............###..###.....
#.....####.##.####.###.#.<.
#.....####.................
#.(......[~...######.#.....
#.~~........~..~####...^...
≈≈≈≈~~~~≈~~~~..≈≈≈≈≈#.......


You could see 2 electric eels.

Vanquished Creatures
  A troll (D:7)
  A wyvern (D:7)
  5 yaks (D:7)
  Menkaure (D:4)
  3 water moccasins
  2 ice beasts
  An orc warrior (D:7)
  2 black bears
  3 ogres
  3 wolves (D:8)
  A phantom (D:7)
  5 centaurs
  A kobold brigand (D:6)
  A gnoll sergeant (D:6)
  3 bullfrogs
  4 scorpions
  9 wights
  4 howler monkeys
  7 hounds
  A jelly (D:6)
  2 orc priests
  2 sleepcaps
  3 gnoll boudas
  An iguana (D:4)
  An orc wizard (D:6)
  4 adders
  23 gnolls
  A shadow imp (D:7)
  3 white imps
  An ufetubus (D:6)
  13 orcs
  5 ball pythons
  A bat (D:3)
  4 endoplasms
  3 giant cockroaches
  9 goblins
  6 hobgoblins
  4 quokkas
  2 frilled lizards
  12 kobolds
  4 rats
162 creatures vanquished.

Notes
Turn   | Place    | Note
-------+----------+-------------------------------------------
     0 | D:1      | WestoftheSun the Minotaur Fighter began the quest for the
                  | Orb.
     0 | D:1      | Reached XP level 1. HP: 19/19 MP: 0/0
     1 | D:1      | Found a runed translucent door.
     1 | D:1      | Noticed a jelly
   100 | D:1      | Reached XP level 2. HP: 27/27 MP: 1/1
   160 | D:1      | Reached skill level 1 in Maces & Flails
   358 | D:2      | Reached XP level 3. HP: 26/33 MP: 2/2
  1206 | D:2      | Reached XP level 4. HP: 27/40 MP: 3/3
  1866 | D:3      | Found Omeel's Assorted Antiques.
  1937 | D:3      | Found an opulent altar of Gozag.
  2598 | D:3      | Reached XP level 5. HP: 40/47 MP: 4/4
  2688 | D:4      | Noticed Menkaure
  2694 | D:4      | Killed Menkaure
  2695 | D:4      | Reached skill level 5 in Shields
  2695 | D:4      | Reached XP level 6. HP: 31/55 MP: 5/5
  2879 | D:4      | Noticed a water moccasin
  2880 | D:4      | Noticed a water moccasin
  2915 | D:3      | Killed a water moccasin
  2916 | D:3      | Reached skill level 5 in Fighting
  2916 | D:3      | Reached skill level 5 in Armour
  2947 | D:3      | Became a worshipper of Gozag Ym Sagoz the Greedy
  2953 | D:3      | Killed a water moccasin
  2954 | D:3      | Reached XP level 7. HP: 24/61 MP: 6/6
  3571 | D:5      | Entered Level 5 of the Dungeon
  3717 | D:5      | Reached skill level 1 in Evocations
  3860 | D:5      | Reached XP level 8. HP: 44/70 MP: 7/7
  4309 | D:5      | Reached skill level 5 in Maces & Flails
  5034 | D:6      | Reached XP level 9. HP: 47/78 MP: 8/8
  5669 | D:7      | Identified the +0 short sword "Voko" {venom, rPois Dex+3}
  6030 | D:7      | Found a staircase to the Ecumenical Temple.
  6046 | Temple   | Entered the Ecumenical Temple
  7297 | D:8      | Reached XP level 10. HP: 90/90 MP: 9/9
  7794 | D:8      | Found a staircase to the Lair.
  7804 | D:8      | HP: 3/91 [electric eel/bolt of electricity (9)]
  7805 | D:8      | Killed from afar by an electric eel

Illustrated notes

Levels and vault maps discovered:
D:1:      dpeg_arrival_caged_fury, layout_rooms
D:2:      layout_loops_ring, eino_tiny_chamber, lightli_corner_chamber
D:3:      layout_basic, general_overflow_altar, shapermc_ecumenical_altar_petra,
          serial_shops, shop, minivault_5
D:4:      layout_basic, uniq_menkaure
D:5:      layout_basic, minmay_misc_feat_nine_boxes
D:6:      layout_loops_cross
D:7:      layout_layer_cave, minmay_temple_entry_arrows,
          chequers_serial_rivers_small_3
D:8:      layout_rooms, erik_lair_island, serial_rivers,
          chequers_serial_rivers_micro_a, chequers_serial_rivers_micro_c,
          chequers_serial_rivers_small_a, chequers_serial_rivers_small_3,
          chequers_serial_rivers_micro_c, chequers_serial_rivers_small_3,
          st_stairs_14, chequers_serial_rivers_large_b, nrook_loot_triangle
Temple:   nicolae_temple_bog_church

Skill      XL: |  1  2  3  4  5  6  7  8  9 10 |
---------------+-------------------------------+-----
Maces & Flails | 1 2 3 4 6 7 8 |  8.2
Armour         | 4 5 6 7 8 9 |  9.2
Fighting       | 4 5 6 7 8 9 |  9.2
Shields        | 4 5 6 7 8 9 |  9.3
Axes           | 3 4 |  4.7
Evocations     | 1 3 4 |  4.0

Action                     |  1- 3 |  4- 6 |  7- 9 | 10-12 || total
---------------------------+-------+-------+-------+-------++-------
  Melee: War axe           |    55 |     1 |       |       ||    56
         Headbutt          |     5 |     4 |    63 |    16 ||    88
         Flail             |       |    66 |   307 |    64 ||   437
  Throw: Stone             |     6 |       |       |       ||     6
         Throwing net      |       |     1 |       |       ||     1
         Dart              |       |       |     2 |       ||     2
    Use: Potion            |       |     7 |     1 |     1 ||     9
         Scroll            |       |     1 |       |       ||     1
   Stab: Invisible         |       |     1 |       |       ||     1
         Distracted        |       |       |     2 |       ||     2
 Armour: Scale mail        |    21 |    18 |       |       ||    39
         Chain mail        |       |    30 |   176 |       ||   206
         Plate armour      |       |       |     1 |    76 ||    77
  Dodge: Dodged            |    28 |    37 |   129 |    30 ||   224
  Block: Buckler           |    13 |    32 |    87 |    38 ||   170
